[Event "Team 45 45 League T45"]
[Site "Internet Chess Club"]
[Date "2010.06.12"]
[Round "6"]
[White "allanchs"]
[Black "shamos1"]
[Result "1-0"]
[WhiteElo "1504"]
[BlackElo "1324"]
[Opening "QGD: Chigorin defense"]
[ECO "D07"]
[Time "07:30:06"]
[TimeControl "2700+45"]

1. d4 d5 2. c4 Nc6 3. cxd5 Qxd5 4. Nf3 Nf6 5. Nc3 Qd8 6. Bg5 h6 7. Bf4 a6 8. e3
Bf5 9. a3 Nd5 10. Nxd5 Qxd5 11. Be2 Qd7 12. O-O O-O-O 13. Rc1 f6 14. b4 b5 15.
Qd2 g5 16. Bg3 h5 17. h3 g4 18. hxg4 Bxg4 19. Rfd1 e5 20. dxe5 Qxd2 21. Rxd2
Bxf3 22. Rxd8+ Nxd8 23. Bxf3 Bg7 24. exf6 Bxf6 25. Rxc7+ Kb8 26. Rf7+ {Black
resigns} 1-0

[Event "Team 45 45 League T45"]
[Site "Internet Chess Club"]
[Date "2010.06.13"]
[Round "6"]
[White "eyalki"]
[Black "jacknor"]
[Result "0-1"]
[WhiteElo "1315"]
[BlackElo "1506"]
[Opening "Sicilian: dragon, classical attack"]
[ECO "B72"]
[Time "13:01:13"]
[TimeControl "2700+45"]

1. e4 c5 2. Nf3 d6 3. Nc3 g6 4. d4 cxd4 5. Nxd4 Bg7 6. Be3 Nf6 7. Be2 O-O 8. O-O
Bd7 9. Bf3 Nc6 10. Nxc6 Bxc6 11. e5 dxe5 12. Bxc6 bxc6 13. h3 e6 14. Qxd8 Rfxd8
15. Rad1 Nd5 16. Bg5 f6 17. Nxd5 exd5 18. Bd2 Rdb8 19. b3 a5 20. a4 Bf8 21. g4
Be7 22. Kg2 Bb4 23. Bxb4 Rxb4 24. Kg3 Rf4 25. Rfe1 Rd8 26. g5 Kf7 27. gxf6 Kxf6
28. Re3 Rf8 29. Rdd3 Ke6 30. Rc3 Kd6 31. f3 d4 32. Rxc6+ Kxc6 33. Rxe5 Rxf3+ 34.
Kg4 h6 35. Rxa5 R8f4# {White checkmated} 0-1

[Event "Team 45 45 League T45"]
[Site "Internet Chess Club"]
[Date "2010.06.14"]
[Round "6"]
[White "tourettes"]
[Black "fishhead"]
[Result "1-0"]
[WhiteElo "1584"]
[BlackElo "2099"]
[Opening "Alekhine's defense"]
[ECO "B02"]
[Time "16:33:21"]
[TimeControl "2700+45"]

1. e4 Nf6 2. e5 Nd5 3. c4 Nb6 4. Nf3 d6 5. exd6 cxd6 6. Be2 g6 7. d4 Bg7 8. Nc3
O-O 9. Be3 Nc6 10. d5 Nb4 11. a3 Na6 12. Bd4 e5 13. dxe6 fxe6 14. Bxg7 Kxg7 15.
O-O Qe7 16. Ne4 e5 17. Qxd6 Qxd6 18. Nxd6 Nd7 19. Rad1 Rd8 20. Ne4 b6 21. Nxe5
Nac5 22. Nxc5 bxc5 23. Bf3 {Black resigns} 1-0

[Event "Team 45 45 League T45"]
[Site "Internet Chess Club"]
[Date "2010.06.13"]
[Round "6"]
[White "isolani"]
[Black "MarkNY"]
[Result "0-1"]
[WhiteElo "1502"]
[BlackElo "1794"]
[Opening "Sicilian: dragon variation"]
[ECO "B70"]
[Time "19:01:51"]
[TimeControl "2700+45"]

1. e4 c5 2. Nf3 d6 3. d4 cxd4 4. Nxd4 Nf6 5. Nc3 g6 6. Bg5 Bg7 7. Bb5+ Bd7 8.
Qe2 O-O 9. O-O-O a6 10. Bxd7 Nbxd7 11. f4 b5 12. Nc6 Qe8 13. e5 dxe5 14. fxe5
Nh5 15. g4 f6 16. exf6 Nhxf6 17. Qe6+ Kh8 18. Qxe7 Qxe7 19. Nxe7 Ne5 20. h3 Nf3
21. Be3 b4 22. Ncd5 a5 23. Nxf6 Bxf6 24. Nd5 Bg7 25. h4 Ne5 26. Nc7 Rac8 27. Ne6
Nc4 28. Bc5 Bxb2+ 29. Kb1 Rfe8 30. Bd4+ Bxd4 31. Nxd4 Na3+ 32. Kb2 Re4 33. g5
Rc4 34. Nb3 Rxc2+ 35. Ka1 Ree2 36. Rd8+ Kg7 37. Rd7+ Kf8 38. Rf1+ Ke8 39. Nc1
Kxd7 {White resigns} 0-1

[Event "Team 45 45 League T45"]
[Site "Internet Chess Club"]
[Date "2010.06.12"]
[Round "6"]
[White "vollmerj"]
[Black "carambola"]
[Result "0-1"]
[WhiteElo "1695"]
[BlackElo "1362"]
[Opening "Caro-Kann: advance variation"]
[ECO "B12"]
[Time "09:00:28"]
[TimeControl "2700+45"]

1. e4 c6 2. d4 d5 3. e5 Na6 4. Nf3 Bg4 5. c3 g6 6. h3 Bf5 7. Bd3 Be4 8. O-O Bg7
9. Re1 Nc7 10. Bxe4 dxe4 11. Rxe4 e6 12. Bg5 Ne7 13. Nbd2 Qd7 14. Nc4 O-O 15.
Nd6 f6 16. exf6 Bxf6 17. Bxf6 Rxf6 18. Nxb7 Ncd5 19. Nc5 Qd6 20. Qe1 Nf5 21.
Rxe6 Rxe6 22. Qxe6+ Qxe6 23. Nxe6 Nf6 24. Ne5 Ne4 25. Nxc6 Re8 26. d5 Nfd6 27.
Nxa7 Rb8 28. f3 Nf6 29. b3 Nxd5 30. c4 Nc3 31. Nc6 Re8 32. Ncd4 Nf5 33. Nxf5
Rxe6 34. Nd4 Rd6 35. Nb5 Ne2+ 36. Kf1 Rd2 37. a4 Ng3+ 38. Kg1 Ne2+ 39. Kh2 Nf4
40. Rg1 Rb2 41. Nd4 Kf7 42. a5 Kf6 43. Kg3 g5 44. h4 Rd2 45. hxg5+ Kxg5 46. a6
Rxd4 47. a7 Nh5+ 48. Kh2 Rh4# {White checkmated} 0-1

[Event "Team 45 45 League T45"]
[Site "Internet Chess Club"]
[Date "2010.06.15"]
[Round "6"]
[White "clarinetref"]
[Black "Grenadier"]
[Result "0-1"]
[WhiteElo "1653"]
[BlackElo "1738"]
[Opening "Queen's pawn game"]
[ECO "D04"]
[Time "20:06:59"]
[TimeControl "2700+45"]

1. d4 d5 2. Nf3 Nf6 3. e3 Bf5 4. b3 e6 5. Bb2 Nbd7 6. Nbd2 Be7 7. c4 O-O 8. Nh4
Bg4 9. Nhf3 c6 10. Be2 a5 11. a3 Bd6 12. Ne5 Bf5 13. g4 Be4 14. Nxe4 Nxe4 15. f4
Qh4+ {White resigns} 0-1

[Event "Team 45 45 League T45"]
[Site "Internet Chess Club"]
[Date "2010.06.13"]
[Round "6"]
[White "GoIrish"]
[Black "tryanything"]
[Result "0-1"]
[WhiteElo "1517"]
[BlackElo "1584"]
[Opening "Réti: King's Indian attack (Barcza system)"]
[ECO "A07"]
[Time "21:01:00"]
[TimeControl "2700+45"]

1. Nf3 d5 2. g3 Nf6 3. Bg2 Nc6 4. O-O e5 5. d3 Be7 6. Nbd2 O-O 7. e4 d4 8. Nc4
Nd7 9. a4 a5 10. Ne1 f6 11. f4 Nb6 12. Nxb6 cxb6 13. f5 Bd7 14. Qg4 Rc8 15. Bh6
Rf7 16. h4 Kh8 17. Qh5 Qg8 18. Bc1 Nb4 19. Rf2 Bc5 20. Qd1 g6 21. Kh2 gxf5 22.
exf5 Qg7 23. Be4 Rg8 24. Rg2 Qg4 25. Bf3 Qxf5 26. g4 Qe6 27. Rg3 Bd6 28. Rg1 e4+
29. Kh3 exf3 30. Qxf3 h5 {White resigns} 0-1

[Event "Team 45 45 League T45"]
[Site "Internet Chess Club"]
[Date "2010.06.11"]
[Round "6"]
[White "tightfist"]
[Black "kingsrook"]
[Result "1-0"]
[WhiteElo "1534"]
[BlackElo "1320"]
[Opening "English orang-utan"]
[ECO "A00"]
[Time "21:01:38"]
[TimeControl "2700+45"]

1. b4 Nf6 2. c4 b6 3. Bb2 e6 4. a3 Bb7 5. e3 Be7 6. Nf3 O-O 7. Be2 d6 8. Nc3
Nbd7 9. O-O Rc8 10. d4 c5 11. dxc5 dxc5 12. b5 Qc7 13. Qc2 Rfd8 14. Rfd1 Bd6 15.
g3 Ne5 16. Nxe5 Bxe5 17. f4 Bd6 18. Rd2 Rd7 19. Rad1 Rcd8 20. Kf2 Be7 21. Bf3
Rxd2+ 22. Rxd2 Rxd2+ 23. Qxd2 Bxf3 24. Kxf3 Qb7+ 25. e4 h6 26. Qd3 Qa8 27. Na4
Qd8 28. Qxd8+ Bxd8 29. Be5 Nd7 30. Bd6 f6 31. Nc3 Kf7 32. Kg4 Be7 33. Bc7 Ke8
34. Kh5 Bd8 35. Bxd8 Kxd8 36. Kg6 e5 37. Kxg7 exf4 38. gxf4 Ke7 39. Nd5+ Kd8 40.
Nxf6 Nxf6 41. Kxf6 h5 42. Kf7 Kd7 43. f5 Kd6 44. f6 Ke5 45. Kg7 h4 46. f7 {Black
resigns} 1-0

[Event "Team 45 45 League T45"]
[Site "Internet Chess Club"]
[Date "2010.06.12"]
[Round "6"]
[White "Ser-Enigma"]
[Black "GreatPelle"]
[Result "1/2-1/2"]
[WhiteElo "2116"]
[BlackElo "2005"]
[Opening "Dutch: Ilyin-Genevsky variation with b3"]
[ECO "A99"]
[Time "02:33:50"]
[TimeControl "2700+45"]

1. d4 e6 2. Nf3 f5 3. g3 Nf6 4. Bg2 Be7 5. O-O O-O 6. c4 d6 7. Nc3 Qe8 8. b3 Qh5
9. Ba3 g5 10. Qd3 g4 11. Nd2 Nbd7 12. Nb5 Bd8 13. e4 a6 14. Nc3 f4 15. gxf4 Qh6
16. f5 exf5 17. exf5 Nh5 18. Nde4 Ndf6 19. Qe3 Nf4 20. Ng3 Re8 21. Qc1 Qg5 22.
Nd5 N6xd5 23. Bxd5+ Kh8 24. Re1 Rxe1+ 25. Qxe1 Nxd5 26. cxd5 Bd7 27. Qe3 Qh4 28.
Re1 Bg5 29. Qc3 Rc8 30. Bc1 Qh6 31. Bxg5 Qxg5 32. Qe3 Qg7 33. Qe7 Rf8 34. Qh4
Bxf5 35. Re7 Qg6 36. Rxc7 Be4 37. Nxe4 Qxe4 38. Qe7 Qxe7 39. Rxe7 Rf4 40. Rxb7
Rxd4 41. Rb6 Rxd5 42. Rxa6 Kg7 43. Kg2 h5 44. b4 Kf6 45. Ra5 Rd4 46. Rxh5 Rxb4
47. Ra5 Ke6 48. Kg3 d5 49. Ra8 Kf5 50. Rf8+ Ke5 51. Re8+ Kf5 52. Rf8+ Ke5 53.
Rh8 Ra4 54. Rh5+ Ke4 55. Kxg4 d4 56. f3+ Ke3 57. Re5+ Kd3 58. h4 Rxa2 59. h5 Rh2
60. Kg5 Kc2 61. Rc5+ Kd2 62. f4 d3 63. f5 Rg2+ 64. Kf6 Rh2 65. Kg6 Rg2+ 66. Kf7
Rh2 67. f6 Ke3 68. Rd5 d2 69. Kg6 Rg2+ 70. Kf7 Rh2 71. Kg6 Rg2+ 72. Kh7 Rf2 73.
Kg7 Rg2+ 74. Kf8 Rh2 75. f7 Rxh5 76. Rxd2 Kxd2 77. Ke8 Re5+ 78. Kd7 Rf5 79. Ke7
Rxf7+ 80. Kxf7 {Game drawn because neither player has mating material} 1/2-1/2

[Event "Team 45 45 League T45"]
[Site "Internet Chess Club"]
[Date "2010.06.13"]
[Round "6"]
[White "LucaTrapani"]
[Black "mcplayerus"]
[Result "1/2-1/2"]
[WhiteElo "2070"]
[BlackElo "2098"]
[Opening "QGA: classical, 6...a6"]
[ECO "D27"]
[Time "04:00:42"]
[TimeControl "2700+45"]

1. d4 d5 2. c4 dxc4 3. e3 Nf6 4. Bxc4 e6 5. Nf3 a6 6. O-O c5 7. Bb3 Nc6 8. Nc3
Be7 9. dxc5 Bxc5 10. Qxd8+ Kxd8 11. e4 h6 12. e5 Nd7 13. Bf4 Ke7 14. Rfd1 Ba7
15. Rac1 Bb8 16. Re1 Rd8 17. h4 Ba7 18. Ne4 Nb4 19. Red1 Nc6 20. Nd6 Nc5 21. Bc4
b5 22. Be2 Bd7 23. Be3 Na4 24. Bxa7 Rxa7 25. Rd2 Nb6 26. Bd3 Nb4 27. Bb1 N4d5
28. Nd4 f6 29. Nf3 fxe5 30. Ne4 Nc4 31. Rdc2 Nf6 32. Re2 Bc6 33. Rce1 Rad7 34.
b3 Na3 35. Nxe5 Bxe4 36. Nxd7 Bxb1 37. Nxf6 Kxf6 38. Rxe6+ Kf7 39. Rxa6 b4 40.
Ra7+ Kf6 41. Ree7 g6 42. Rf7+ Ke5 43. Rab7 Rd4 44. Rfe7+ Kf6 45. Rf7+ Ke5 46.
Rfe7+ Kf6 47. Rf7+ Ke5 48. Rfe7+ Kf6 {Game drawn by repetition} 1/2-1/2

[Event "Team 45 45 League T45"]
[Site "Internet Chess Club"]
[Date "2010.06.10"]
[Round "6"]
[White "AronT"]
[Black "qs16"]
[Result "1/2-1/2"]
[WhiteElo "2031"]
[BlackElo "1742"]
[Opening "Queen's pawn game"]
[ECO "E20"]
[Time "07:30:21"]
[TimeControl "2700+45"]

1. d4 Nf6 2. c4 e6 3. Nc3 b6 4. Bg5 Bb7 5. Qc2 Be7 6. e3 h6 7. Bh4 d5 8. Nf3
Nbd7 9. Be2 O-O 10. cxd5 Nxd5 11. Bxe7 Qxe7 12. O-O c5 13. Nxd5 Bxd5 14. Rac1
Rac8 15. Ba6 Rc7 16. e4 Ba8 17. Qe2 Nf6 18. e5 Nd5 19. Qd2 cxd4 20. Nxd4 Rxc1
21. Rxc1 Qh4 22. g3 Qh3 23. Bf1 Qh5 24. f4 Ne7 25. Rc7 Nf5 26. Nxf5 Qxf5 27. Bd3
Qg4 28. Qe2 Bf3 29. Qd2 Rd8 30. Bh7+ Kxh7 31. Qxd8 Bd5 32. Kf2 Qd1 33. Ke3 Qg1+
34. Kd3 Qd1+ 35. Ke3 Qe1+ 36. Kd3 Qd1+ 37. Ke3 Qe1+ {Game drawn by mutual
agreement} 1/2-1/2

[Event "Team 45 45 League T45"]
[Site "Internet Chess Club"]
[Date "2010.06.13"]
[Round "6"]
[White "Terte"]
[Black "kobesarmy"]
[Result "0-1"]
[WhiteElo "2021"]
[BlackElo "1952"]
[Opening "Sicilian: Alapin's variation (2.c3)"]
[ECO "B22"]
[Time "12:00:15"]
[TimeControl "2700+45"]

1. e4 c5 2. c3 d6 3. d4 Nf6 4. Bd3 g6 5. Nf3 Bg7 6. O-O O-O 7. h3 Nc6 8. Be3
cxd4 9. cxd4 Nb4 10. Nc3 Nxd3 11. Qxd3 Qa5 12. a3 Be6 13. d5 Bd7 14. b4 Qa6 15.
Qxa6 bxa6 16. Rac1 Rfc8 17. Nd4 Rc4 18. f3 Rac8 19. Nce2 e6 20. Rxc4 Rxc4 21.
dxe6 fxe6 22. Rc1 Rxc1+ 23. Nxc1 Ne8 24. Ncb3 Nc7 25. Na5 Nb5 26. Nxb5 Bxb5 27.
Nb7 d5 28. exd5 exd5 29. Nd6 Ba4 30. Bxa7 Bb2 31. Kf2 Bxa3 32. Bc5 a5 33. Ne8
Bxe8 {White resigns} 0-1

[Event "Team 45 45 League T45"]
[Site "Internet Chess Club"]
[Date "2010.06.13"]
[Round "6"]
[White "player12321"]
[Black "koni"]
[Result "1-0"]
[WhiteElo "1942"]
[BlackElo "1852"]
[Opening "Old Indian: Tartakower (Wade) variation"]
[ECO "A41"]
[Time "12:30:05"]
[TimeControl "2700+45"]

1. d4 d6 2. Nf3 Bg4 3. c4 Bxf3 4. gxf3 c6 5. Nc3 g6 6. b3 Bg7 7. Bb2 e6 8. e3
Nh6 9. Qc2 O-O 10. Be2 Nd7 11. O-O-O a6 12. h4 b5 13. h5 bxc4 14. Bxc4 Nb6 15.
hxg6 hxg6 16. Bxe6 fxe6 17. Qxg6 Rf6 18. Qh5 Qe8 19. Ne4 Rf8 20. Qh3 d5 21. Rdg1
Nf5 22. Nd6 Nxd6 23. Qh7+ Kf7 24. Qxg7# {Black checkmated} 1-0

[Event "Team 45 45 League T45"]
[Site "Internet Chess Club"]
[Date "2010.06.13"]
[Round "6"]
[White "poni"]
[Black "Socraticchess"]
[Result "0-1"]
[WhiteElo "1951"]
[BlackElo "1998"]
[Opening "Réti: King's Indian attack (with ...c5)"]
[ECO "A08"]
[Time "12:16:31"]
[TimeControl "2700+45"]

1. Nf3 d5 2. g3 c5 3. d3 Nc6 4. Bg2 e5 5. O-O Bd6 6. e4 d4 7. a4 Nge7 8. Na3 Be6
9. b3 a6 10. Nc4 b6 11. Nh4 O-O 12. Nxd6 Qxd6 13. f4 f6 14. f5 Bd7 15. g4 b5 16.
axb5 axb5 17. Bd2 c4 18. g5 c3 19. Rxa8 Rxa8 20. Bc1 Nc8 21. g6 h6 22. Qh5 Qf8
23. Kh1 Nb4 24. Qd1 Ra1 25. Qe2 Na2 26. Bxh6 Rxf1+ 27. Bxf1 gxh6 28. g7 Qxg7 29.
Ng6 Nd6 30. Qd1 Nb4 31. Qc1 Bxf5 32. exf5 Nxf5 33. Qa3 Qxg6 34. Qxb4 Qg4 35.
Qxb5 Ne3 36. Qe8+ Kg7 37. Qe7+ Kg6 38. Qe8+ Kg5 39. Qg8+ Kh4 40. Qxg4+ Kxg4 41.
b4 Nxc2 42. b5 Na3 43. b6 c2 {White resigns} 0-1

[Event "Team 45 45 League T45"]
[Site "Internet Chess Club"]
[Date "2010.06.12"]
[Round "6"]
[White "WoadRaider"]
[Black "SneakyRed"]
[Result "1-0"]
[WhiteElo "1804"]
[BlackElo "1781"]
[Opening "Caro-Kann: classical, Spassky variation"]
[ECO "B19"]
[Time "14:31:11"]
[TimeControl "2700+45"]

1. e4 c6 2. d4 d5 3. Nc3 dxe4 4. Nxe4 Bf5 5. Ng3 Bg6 6. h4 h6 7. Nf3 Nd7 8. h5
Bh7 9. Bd3 Bxd3 10. Qxd3 e6 11. Bf4 Qa5+ 12. Bd2 Bb4 13. c3 Be7 14. c4 Qc7 15.
O-O-O Ngf6 16. Ne4 Rd8 17. Bc3 O-O 18. Kb1 b5 19. c5 Nxc5 20. Nxc5 Bxc5 21. Ne5
Be7 22. Qf3 b4 23. Bd2 Rxd4 24. Nxc6 Rd5 25. Nxb4 Bxb4 26. Bxb4 Rf5 27. Qd3 Ra8
28. Bc3 Rxf2 29. Qe3 Qf4 30. Qh3 Qf5+ 31. Qxf5 Rxf5 32. Kc2 Nxh5 33. g4 Rf2+ 34.
Kb3 Nf6 35. g5 hxg5 36. Rdg1 Rf5 37. Rh2 Rb8+ 38. Kc2 Kf8 39. Bxf6 gxf6 40. Rh8+
Ke7 41. Rxb8 Rf2+ 42. Kb1 e5 43. Rb7+ Ke6 44. Rxa7 e4 45. Rc7 e3 46. Re1 e2 47.
Rc2 Kf5 48. Rcxe2 Rf4 49. a3 g4 50. b4 g3 51. b5 Ra4 52. Kb2 Kg5 53. Kb3 Ra8 54.
a4 f5 55. b6 f4 56. Re5+ Kg4 57. a5 f6 58. Rc5 Rb8 59. Rc4 g2 60. Rg1 Kg3 61.
Rxg2+ Kxg2 62. Rxf4 Kg3 63. Rxf6 Kg4 64. Rf7 Kg5 65. Kb4 Kg6 66. Rc7 Kf6 67. Kb5
Ke6 68. a6 Kd6 69. a7 Ra8 70. Ka6 Rh8 71. Rc4 Kd7 72. Kb7 Rh7 73. Rc7+ {Black
resigns} 1-0

[Event "Team 45 45 League T45"]
[Site "Internet Chess Club"]
[Date "2010.06.12"]
[Round "6"]
[White "RedAttack"]
[Black "menorca"]
[Result "1/2-1/2"]
[WhiteElo "1978"]
[BlackElo "1995"]
[Opening "QGD semi-Slav: 5...Nd7"]
[ECO "D45"]
[Time "15:33:52"]
[TimeControl "2700+45"]

1. d4 d5 2. Nf3 Nf6 3. c4 c6 4. Nc3 e6 5. e3 Nbd7 6. a3 dxc4 7. Bxc4 b5 8. Ba2
a6 9. e4 Bb7 10. Bg5 Qb6 11. O-O h6 12. Bh4 Be7 13. Bg3 O-O 14. Re1 Rfe8 15. d5
cxd5 16. exd5 Nxd5 17. Nxd5 Bxd5 18. Bxd5 exd5 19. Qxd5 Nf6 20. Qd3 Rad8 21. Qc3
Qc5 22. Qxc5 Bxc5 23. Rxe8+ Rxe8 24. b4 Bf8 {Game drawn by mutual agreement}
1/2-1/2

[Event "Team 45 45 League T45"]
[Site "Internet Chess Club"]
[Date "2010.06.15"]
[Round "6"]
[White "giltar"]
[Black "jjmolina"]
[Result "1/2-1/2"]
[WhiteElo "1903"]
[BlackElo "1760"]
[Opening "Queen's pawn game"]
[ECO "D04"]
[Time "14:34:35"]
[TimeControl "2700+45"]

1. d4 d5 2. Nf3 Nf6 3. e3 c6 4. Bd3 b6 5. Nbd2 Ba6 6. Qe2 Bxd3 7. Qxd3 e6 8. O-O
Be7 9. b3 O-O 10. Bb2 Qc8 11. Rac1 Qa6 12. Qxa6 Nxa6 13. Ne5 Rac8 14. c4 c5 15.
cxd5 Nxd5 16. Ndf3 Rfd8 17. Rfd1 f6 18. Nd3 Nab4 19. a3 Nxd3 20. Rxd3 Kf7 21.
Kf1 Rc7 22. dxc5 Rxc5 23. Rxc5 Bxc5 24. e4 Ne3+ 25. Rxe3 Bxe3 26. fxe3 Rd1+ 27.
Ke2 Rb1 28. Bc3 Rxb3 29. Bb4 a5 30. Nd2 Rb2 31. Bd6 Ra2 32. Bc7 b5 33. Bxa5 Rxa3
34. Bb6 e5 35. Bc5 Ra2 36. Bb4 Ra4 37. Bc3 Ra2 38. Kd3 Ke6 39. Bb4 Ra4 40. Kc3
Ra2 41. Bf8 Kf7 42. Bb4 Ke6 43. Kd3 Ra4 44. Bf8 Kf7 45. Bc5 Ke6 46. Nb3 Ra2 47.
Nd2 Ra4 48. Kc3 Ra2 49. Bb4 Ra4 50. Kb3 Ra8 51. Nf3 Rd8 52. Bd2 Rb8 53. Nh4 Rd8
54. Kc2 Rc8+ 55. Kd3 Rd8+ 56. Kc2 Rc8+ 57. Kb3 Rd8 58. Nf3 Rb8 59. Kb4 Kd6 60.
Nh4 Kc6 61. Nf5 Rb7 62. Kb3 Rd7 63. Bb4 Rd3+ 64. Kc2 Rd7 65. g4 Ra7 66. Kb2 Rd7
67. Ne7+ Kb7 68. Nd5 Rd8 69. Kb3 Kc6 70. h4 h5 71. g5 fxg5 72. Be7 Rd7 73. Bxg5
Rf7 74. Kb4 Rb7 75. Nc3 Rd7 76. Nd5 Rb7 77. Ne7+ Kd7 78. Nf5 Kc6 79. Ng3 g6 80.
Ne2 Rf7 81. Nc3 Rf1 82. Nd5 Rb1+ 83. Kc3 Rc1+ 84. Kd3 Kd6 85. Kd2 Rc4 86. Kd3
Rc1 87. Nb4 Rc4 88. Nc2 Kc6 89. Bf6 Kd6 90. Bg7 Ke6 91. Bf8 Rc8 92. Bh6 Rd8+ 93.
Kc3 Rc8+ 94. Kb3 Rc4 95. Bg5 Rxe4 96. Na3 Rg4 97. Bd8 Rg3 98. Nc2 Kd7 99. Bf6
Ke6 100. Bd8 Kd7 {Game drawn by mutual agreement} 1/2-1/2

[Event "Team 45 45 League T45"]
[Site "Internet Chess Club"]
[Date "2010.06.13"]
[Round "6"]
[White "andrew28"]
[Black "mongmong"]
[Result "1-0"]
[WhiteElo "1726"]
[BlackElo "1503"]
[Opening "French: King's Indian attack"]
[ECO "C00"]
[Time "19:03:40"]
[TimeControl "2700+45"]

1. e4 e6 2. d3 d5 3. Nd2 dxe4 4. Nxe4 Be7 5. Be3 Nf6 6. Nd2 b6 7. Be2 Bb7 8.
Ngf3 Nbd7 9. O-O O-O 10. Re1 c5 11. Rc1 Nd5 12. Nf1 Nxe3 13. Nxe3 Nf6 14. c3 Nd5
15. Qd2 Nxe3 16. Qxe3 Qc7 17. d4 cxd4 18. cxd4 Qd6 19. Ne5 Rac8 20. Rc3 Rxc3 21.
bxc3 Rc8 22. c4 Bf6 23. f4 Bxe5 24. fxe5 Qb4 25. Rf1 Ba6 26. Qf3 Rf8 27. Qb3 Qd2
28. Qd3 Qxd3 29. Bxd3 Rd8 30. Rd1 g6 31. Be2 Rc8 32. Rc1 Rd8 33. Rd1 Rc8 34. a4
Bxc4 35. Rc1 Ba6 36. Rxc8+ Bxc8 37. Kf2 Bb7 38. g3 Bd5 39. Ke3 Kf8 40. Kf4 Kg7
41. g4 h6 42. h4 f6 43. exf6+ Kxf6 44. g5+ hxg5+ 45. hxg5+ Kf7 46. Ke5 Bb3 47.
Bb5 a6 48. Bxa6 Bxa4 49. Bc4 Bd7 50. Kd6 b5 51. Bb3 Bc8 52. Kc7 Ba6 53. Kb6 Bc8
54. Kxb5 Bb7 55. Kb6 Be4 56. Kc7 Ke7 57. Ba4 Bd5 58. Bc2 Kf7 59. Kd6 Bf3 60. Bb3
Bg4 61. Ba4 Bf5 62. Bd7 Bg4 63. d5 exd5 64. Bxg4 d4 65. Be6+ Kg7 66. Ke7 d3 67.
Bg4 d2 68. Bd1 Kh7 69. Kf7 Kh8 70. Kxg6 Kg8 71. Ba4 Kh8 72. Kf7 Kh7 73. g6+ Kh8
74. g7+ {Black resigns} 1-0

[Event "Team 45 45 League T45"]
[Site "Internet Chess Club"]
[Date "2010.06.14"]
[Round "6"]
[White "smsxman"]
[Black "Orichas"]
[Result "1-0"]
[WhiteElo "1400"]
[BlackElo "1603"]
[Opening "Petrov three knights game"]
[ECO "C42"]
[Time "13:14:42"]
[TimeControl "2700+45"]

1. e4 e5 2. Nf3 Nf6 3. Nc3 Bb4 4. a3 Bxc3 5. bxc3 d6 6. Bd3 Nc6 7. O-O O-O 8.
Re1 Bg4 9. Bb5 Na5 10. Re3 c6 11. Be2 c5 12. d4 Bxf3 13. Bxf3 cxd4 14. cxd4 exd4
15. Qxd4 Nc6 16. Qd1 Ne5 17. Re1 Rc8 18. Rb1 Qa5 19. Rxb7 Nxf3+ 20. gxf3 Rxc2
21. Qxc2 Qxe1+ 22. Kg2 Qa5 23. Qb2 Qd8 24. Be3 Nh5 25. Rxa7 f5 26. Qb7 fxe4 27.
Qxe4 Nf6 28. Qb7 Nh5 29. Qd5+ Kh8 30. Qxh5 Rf6 31. Qd5 Rf8 32. Bd4 Rg8 33. Bxg7+
Rxg7+ 34. Rxg7 Kxg7 35. Qd4+ Kf7 36. a4 Ke6 37. h4 Kd7 38. Qa7+ Kc6 39. Qxh7 Kb6
40. Qe4 Qg8+ 41. Kf1 Qa2 42. Qb4+ Kc7 43. a5 Qa1+ 44. Kg2 Qg7+ 45. Qg4 Qa1 46.
Qc4+ Kd7 47. a6 Qa5 48. a7 d5 49. Qd4 Ke6 50. f4 Kf5 51. Qe5+ Kg6 52. Qe8+
{Black resigns} 1-0

[Event "Team 45 45 League T45"]
[Site "Internet Chess Club"]
[Date "2010.06.11"]
[Round "6"]
[White "MeanMrMustard"]
[Black "viking99"]
[Result "1/2-1/2"]
[WhiteElo "1870"]
[BlackElo "1838"]
[Opening "French: Tarrasch, closed variation, main line"]
[ECO "C06"]
[Time "20:00:08"]
[TimeControl "2700+45"]

1. e4 e6 2. d4 d5 3. Nd2 Nf6 4. e5 Nfd7 5. Bd3 c5 6. c3 Nc6 7. Ne2 cxd4 8. cxd4
f6 9. exf6 Nxf6 10. O-O Bd6 11. Nf3 O-O 12. Bf4 Bxf4 13. Nxf4 Ne4 14. Qc1 Qd6
15. Ne2 e5 16. dxe5 Nxe5 17. Bxe4 dxe4 18. Nxe5 Qxe5 19. Qc3 Qf6 20. Qxf6 Rxf6
21. Ng3 Bf5 22. Nxf5 Rxf5 23. Rac1 Rd8 24. Rc2 Rfd5 25. g3 Kf7 26. Re1 Rd1 27.
Kf1 Rxe1+ 28. Kxe1 Ke6 29. Rc7 Rd7 30. Rxd7 Kxd7 31. Ke2 Ke6 32. Ke3 Ke5 33. h4
h5 34. b3 b6 35. a3 {Game drawn by mutual agreement} 1/2-1/2

[Event "Team 45 45 League T45"]
[Site "Internet Chess Club"]
[Date "2010.06.12"]
[Round "6"]
[White "UnderRated"]
[Black "Rookmaster"]
[Result "0-1"]
[WhiteElo "1609"]
[BlackElo "1762"]
[Opening "Scandinavian defense"]
[ECO "B01"]
[Time "09:10:03"]
[TimeControl "2700+45"]

1. e4 d5 2. exd5 Nf6 3. Nc3 Nxd5 4. Bc4 c6 5. Qe2 e6 6. d3 Nxc3 7. bxc3 Be7 8.
Nf3 O-O 9. d4 Nd7 10. Bf4 Nf6 11. h3 Nd5 12. Bd2 b5 13. Bd3 Qa5 14. Ne5 Bb7 15.
O-O Qc7 16. Qh5 Nf6 17. Qe2 Rad8 18. g4 c5 19. g5 c4 20. Bxc4 bxc4 21. gxf6 Bxf6
22. Nxc4 Ba6 {White resigns} 0-1

[Event "Team 45 45 League T45"]
[Site "Internet Chess Club"]
[Date "2010.06.12"]
[Round "6"]
[White "DaveTheRook"]
[Black "jps7"]
[Result "1-0"]
[WhiteElo "1718"]
[BlackElo "1757"]
[Opening "QGD: 4.Nf3"]
[ECO "D37"]
[Time "15:00:21"]
[TimeControl "2700+45"]

1. d4 d5 2. c4 e6 3. Nf3 Nf6 4. Nc3 b6 5. cxd5 exd5 6. g3 Bb7 7. Bg2 a6 8. O-O
Bd6 9. Re1 O-O 10. Qc2 Ne4 11. Nxe4 dxe4 12. Nd2 f5 13. Nc4 Nd7 14. Nxd6 cxd6
15. Qb3+ Kh8 16. Bf4 Nf6 17. Rac1 Nd5 18. Bd2 a5 19. a3 Nf6 20. Bg5 h6 21. Bxf6
Rxf6 22. Rc3 Rc8 23. Rec1 Rxc3 24. Rxc3 d5 25. e3 Ba6 26. Qc2 Kh7 27. Bh3 Bd3
28. Qc1 Qd6 29. Bf1 Bxf1 30. Kxf1 b5 31. Rc5 Qa6 32. Rxd5 b4+ 33. Ke1 bxa3 34.
bxa3 a4 35. Rc5 Kg6 36. Qc4 Qa7 37. d5 Rb6 38. Rc6+ Kh7 39. Rxb6 Qxb6 40. Qb4
Qa6 41. d6 Qd3 42. Qd2 Qb1+ 43. Qd1 Qb6 44. d7 Qa5+ 45. Kf1 Qd8 46. Qd5 Kg6 47.
h4 Kf6 48. Qd6+ Kf7 49. h5 Kg8 50. Qe6+ Kf8 51. Ke2 Qa8 52. Qd6+ Kf7 53. d8=Q
Qxd8 54. Qxd8 Ke6 55. Qd4 Kf7 56. Qxa4 g6 57. hxg6+ Kxg6 58. Qc6+ Kg5 59. a4 h5
60. a5 h4 61. gxh4+ Kxh4 62. Qg6 f4 63. a6 fxe3 64. Kxe3 Kh3 65. a7 Kh2 66. a8=Q
Kh3 67. Qh8# {Black checkmated} 1-0

[Event "Team 45 45 League T45"]
[Site "Internet Chess Club"]
[Date "2010.06.14"]
[Round "6"]
[White "GhostMonster"]
[Black "joshtournman"]
[Result "1/2-1/2"]
[WhiteElo "1283"]
[BlackElo "1509"]
[Opening "English opening"]
[ECO "A20"]
[Time "17:36:22"]
[TimeControl "2700+45"]

1. c4 e5 2. g3 Bc5 3. Bg2 Nc6 4. Nc3 Nf6 5. a3 O-O 6. e3 a5 7. Nge2 d6 8. O-O e4
9. Nxe4 Re8 10. Nxc5 dxc5 11. d4 cxd4 12. exd4 Bg4 13. f3 Bh5 14. Nf4 Qxd4+ 15.
Qxd4 Nxd4 16. Rd1 Nxf3+ 17. Bxf3 Bxf3 18. Rd3 Bc6 19. Nd5 Nxd5 20. cxd5 Rad8 21.
Rd2 Rxd5 22. Rxd5 Bxd5 23. Bf4 c6 24. b4 axb4 25. axb4 h6 26. Ra7 Re7 27. Bd6
Rd7 28. Bc5 Kh7 29. Kf2 Be6 30. Ke3 Kg6 31. Ke4 b5 32. Ra6 Bd5+ 33. Ke5 f6+ 34.
Kf4 Be6 35. Rxc6 Bd5 36. Rd6 Rxd6 37. Bxd6 Kf7 38. Ke3 Ke6 39. Bc5 g5 40. g4 f5
41. gxf5+ Kxf5 42. Kf2 h5 43. h3 Ke4 44. Kg3 Kf5 45. Bd6 h4+ 46. Kh2 Ke4 47. Be7
Kf5 48. Bc5 g4 49. hxg4+ Kxg4 50. Bd6 h3 51. Bc5 Be6 52. Bd6 Kf3 53. Bc5 Ke4 54.
Bf8 Kd3 55. Bc5 Kc4 56. Bd6 {Game drawn by mutual agreement} 1/2-1/2